 Dungeon Crawl Stone Soup version 0.25-a0-1024-gbfbf38f2cb (webtiles) character file.

Game seed: 1159664814526442464, levelgen mode: deterministic

87 Flugslaktarn the Skirmisher (level 4, -7/49 HPs)
             Began as an Ogre Fighter on May 12, 2020.
             Killed from afar by Natasha (9 damage)
             ... with a magic dart
             ... on level 2 of the Dungeon.
             The game lasted 00:00:43 (2207 turns).

Flugslaktarn the Skirmisher (Ogre Fighter)          Turns: 2207, Time: 00:00:44

Health: -7/49      AC:  3    Str: 20    XL:     4   Next: 51%
Magic:  4/4        EV:  8    Int:  9    God:
Gold:   137        SH:  8    Dex:  9    Spells: 3/3 levels left

rFire    . . .     SeeInvis .   a - +0 war axe
rCold    . . .     Gourm    .   c - +0 kite shield
rNeg     . . .     Faith    .   b - +0 robe
rPois    .         Spirit   .   (helmet restricted)
rElec    .         Reflect  .   (no cloak)
rCorr    .         Harm     .   (gloves unavailable)
MR       .....                  (boots unavailable)
Stlth    +.........             (no amulet)
HPRegen  0.16/turn              (no ring)
MPRegen  0.09/turn              (no ring)

@: no status effects
A: large, unfitting armour, tough skin 1
a: no special abilities


You were on level 2 of the Dungeon.
You were very hungry.

You visited 1 branch of the dungeon, and saw 2 of its levels.

You collected 137 gold pieces.

Inventory:

Hand Weapons
 a - a +0 war axe (weapon)
Armour
 b - a +0 robe (worn)
 c - a +0 kite shield (worn)
Jewellery
 m - an uncursed ring of poison resistance {unknown}
   (You found it on level 2 of the Dungeon)
Wands
 l - a wand of paralysis (7)
   (You found it on level 2 of the Dungeon)
Scrolls
 g - a scroll of identify {unknown}
 h - a scroll of teleportation {unknown}
 i - a scroll of amnesia {unknown}
 k - a scroll of remove curse {unknown}
Potions
 d - a potion of might
 f - a potion of curing {unknown}
 j - a potion of cancellation
Comestibles
 e - 4 rations


   Skills:
 + Level 4.7 Fighting
 * Level 3.2 Axes
 + Level 3.1 Dodging
 + Level 3.1 Shields


You had 3 spell levels left.
You didn't know any spells.
Your spell library was empty.

Dungeon Overview and Level Annotations

Branches:
Dungeon (2/15)

Altars:

Annotations:
D:2 Natasha


Innate Abilities, Weirdness & Mutations

You are too large for most types of armour.
You have tough skin. (AC +1)


Message History

Natasha is severely wounded.
Your shield prevents you from hitting the crimson imp.
You block Natasha's attack. x2; The crimson imp barely misses you.
You hit Natasha.
Natasha is severely wounded.
You hit the crimson imp. Natasha closely misses you.
The crimson imp hits you but does no damage.
You block Natasha's attack.
You hit Natasha but do no damage.
Natasha is severely wounded.
You miss the crimson imp. You block Natasha's attack.
You block the crimson imp's attack.
Natasha casts a spell.
You block the crimson imp's attack.
You hit Natasha.
Natasha is almost dead.
You miss the crimson imp.
Natasha stares at you and mumbles some strange words.
The magic dart hits you!
You die...

# #.# #.# #
#.# #.# # #.#
#.# # #.# #.#
# #.# #.#
###########.#
#.#
..........#.#
#.#
#########.#.#
#5# #.#.# #@#
#.#.# #h#
#...# #5.
#.### #5##
### ###


You could see Natasha (fast), 2 crimson imps and a shadow imp (summoned).

Vanquished Creatures
  Natasha (D:2)
  3 adders (D:2)
  A worm (D:2)
  A dart slug (D:1)
  A leopard gecko (D:2)
  A giant cockroach (D:2)
  3 goblins
  4 hobgoblins
  5 bats
  4 frilled lizards
  8 kobolds
  3 rats
35 creatures vanquished.

Notes
Turn   | Place    | Note
-------+----------+-------------------------------------------
     0 | D:1      | Flugslaktarn the Ogre Fighter began the quest for the Orb.
     0 | D:1      | Reached XP level 1. HP: 24/24 MP: 1/1
   189 | D:1      | Reached XP level 2. HP: 28/32 MP: 2/2
  1047 | D:2      | Found a faded altar of an unknown god.
  1069 | D:2      | Reached XP level 3. HP: 40/40 MP: 3/3
  1630 | D:2      | Noticed Natasha
  1639 | D:2      | Killed Natasha
  1639 | D:2      | Reached XP level 4. HP: 36/49 MP: 4/4
  2191 | D:2      | Noticed Natasha
  2203 | D:2      | HP: 1/49 [Natasha (7)]
  2207 | D:2      | Killed from afar by Natasha

Illustrated notes

Levels and vault maps discovered:
D:1:      psy_arrival_radial02, layout_loops_ring
D:2:      layout_basic, chequers_ecumenical_altar_simple_redux, uniq_natasha

Skill      XL: |  1  2  3 |
---------------+----------+-----
Shields        | 3 |  3.1
Dodging        | 3 |  3.1
Axes           | 3 |  3.2
Fighting       | |  4.7

Action                   |  1- 3 |  4- 6 || total
-------------------------+-------+-------++-------
Melee: War axe           |   103 |    33 ||   136
  Use: Potion            |       |     1 ||     1
  Eat: Chunk             |     2 |     1 ||     3
Armor: Robe              |    24 |     8 ||    32
Dodge: Dodged            |    40 |    11 ||    51
Block: Kite shield       |    46 |    20 ||    66

Table legend:
 A = Non-vault XP
 B = Vault XP
 C = Vault XP percentage of total XP
 D = Non-vault monster count
 E = Vault monster count
 F = Vault count percentage of total count
                 A         B        C        D         E       F
            +---------+---------+-------+---------+---------+-------
      Total |      90 |      35 |  28.0 |      34 |       1 |   2.9
            +---------+---------+-------+---------+---------+-------
        D:1 |      21 |       0 |   0.0 |      13 |       0 |   0.0
        D:2 |      69 |      35 |  33.7 |      21 |       1 |   4.5
            +---------+---------+-------+---------+---------+-------
